Map: Orbital Shipyard

Players

RayReign - Winner!

  • Race: Protoss Protoss
  • League: Diamond

Spellchansky

  • Race: Protoss Protoss
  • League: Master

Event: ASL Season 5 Prime League LOTV Beta

VOD

Have the link to the VOD?

Description

Time

  • Played on: Sept. 19, 2015, 11:07 p.m.
  • Length: 8:24

All games in this series

Show
View Real Time Build Order
Export as new Build Order

RayReign Protoss - Winner!

Build Orders: Cannon Rush 

Get SALT Encoding   

  12  0:00  Probe (Chrono Boost)  
  13  0:11  Probe (Chrono Boost)  
  14  0:18  Pylon  
  14  0:21  Probe (Chrono Boost)  
  15  0:36  Forge  
  15  0:38  Probe (Chrono Boost)  
  16  0:48  Probe (Chrono Boost)  
  17  0:58  Probe (Chrono Boost)  
  17  1:00  Pylon  
  18  1:19  Photon Cannon  
  18  1:31  Pylon  
  18  1:36  Probe (Chrono Boost)  
  19  1:44  Gateway  
  19  1:52  Photon Cannon x2  
  19  1:57  Pylon  
  19  1:59  Photon Cannon  
  19  2:05  Probe (Chrono Boost)  
  19  2:07  Assimilator  
  20  2:16  Photon Cannon  
  20  2:21  Photon Cannon  
  20  2:24  Probe (Chrono Boost), Photon Cannon  
  21  2:35  Photon Cannon  
  20  2:43  Photon Cannon  
  20  2:52  Photon Cannon  
  20  3:04  Cybernetics Core  
  20  3:14  Photon Cannon  
  20  3:19  Pylon  
  20  3:31  Photon Cannon  
  20  3:36  Warp Gate (Chrono Boost)  
  20  3:42  Mothership Core (Chrono Boost)  
  20  3:46  Assimilator  
  22  3:49  Gateway  
  22  3:58  Stalker  
  24  4:09  Probe  
  25  4:15  Gateway  
  25  4:24  Probe  
  25  4:33  Stalker, Twilight Council  
  27  4:45  Stalker  
  29  4:51  Pylon  
  28  4:56  Probe  
  29  5:14  Blink (Chrono Boost)  
  29  5:20  Probe  
  30  5:27  Stalker  
  32  5:29  Stalker  
  34  5:38  Stalker  
  34  5:39  Probe  
  37  5:56  Probe  
  38  5:59  Stalker  
  38  6:00  Stalker  
  42  6:10  Stalker  
  44  6:17  Probe  
  45  6:28  Stalker, Pylon  
  47  6:43  Stalker x2  
  51  6:59  Gateway  
  49  7:03  Stalker  
  51  7:14  Stalker x2  
  45  7:35  Stalker  
  47  7:40  Stalker x2  
  51  8:02  Stalker  
  53  8:08  Stalker x2  
Show
View Real Time Build Order
Export as new Build Order

Spellchansky Protoss 

Build Orders:  

Get SALT Encoding   

  12  0:00  Probe (Chrono Boost)  
  13  0:11  Probe (Chrono Boost)  
  14  0:18  Pylon  
  14  0:21  Probe (Chrono Boost)  
  15  0:36  Probe (Chrono Boost)  
  16  0:45  Gateway  
  16  0:46  Probe (Chrono Boost)  
  17  0:56  Probe (Chrono Boost)  
  18  0:58  Assimilator  
  18  1:02  Assimilator  
  18  1:06  Probe (Chrono Boost), Pylon  
  19  1:16  Probe (Chrono Boost)  
  20  1:26  Probe (Chrono Boost)  
  21  1:35  Probe (Chrono Boost)  
  21  1:37  Cybernetics Core  
  22  1:45  Probe (Chrono Boost)  
  23  1:55  Probe (Chrono Boost)  
  23  1:57  Pylon x2  
  24  2:14  Mothership Core (Chrono Boost)  
  24  2:15  Pylon  
  26  2:23  Nexus  
  26  2:26  Pylon  
  26  2:29  Stalker (Chrono Boost)  
  28  2:52  Pylon  
  28  3:12  Gateway, Stargate  
  28  3:15  Probe  
  28  3:17  Assimilator  
  22  3:52  Void Ray (Chrono Boost)  
  22  3:54  Assimilator  
  26  4:07  Cybernetics Core  
  26  4:09  Probe  
  26  4:21  Probe  
  27  4:28  Void Ray (Chrono Boost)  
  31  4:34  Probe  
  32  4:41  Pylon  
  32  4:42  Gateway  
  32  4:45  Warp Gate (Chrono Boost)  
  32  4:50  Probe  
  33  5:01  Twilight Council  
  33  5:21  Probe  
  33  5:26  Gateway, Pylon  
  33  5:28  Void Ray (Chrono Boost)  
  38  5:45  Stalker  
  42  5:55  Blink (Chrono Boost)  
  40  6:04  Gateway  
  40  6:08  Pylon  
  37  6:46  Stalker x3  
  42  7:10  Stalker x3  
  42  7:15  Stalker  
  42  7:17  Nexus  
  42  7:23  Probe  
  42  7:35  Probe  
  43  7:37  Stalker x2  
  45  7:53  Stalker x2  
  45  7:56  Probe  
  48  8:10  Stalker  
Tags
 
Add a new tag
Caveats
  • Supply blocks, unpowered buildings, or Contaminate may cause inaccurate times.
  • Supply counts are checked every 10 seconds.